 Dungeon Crawl Stone Soup version 0.28.0-43-g3370ac3207 (webtiles) character file.

Game seed: 3334161760592835317

5403 Ablot the Magician (level 10, 0/81 (86) HPs)
             Began as a Gnoll Warper on Mar 22, 2022.
             Was a Plaything of Xom.
             Slain by an elephant (2 damage)
             ... while petrified by a basilisk
             ... on level 11 of the Dungeon.
             The game lasted 00:22:17 (13329 turns).

Ablot the Magician (Gnoll Warper)                  Turns: 13329, Time: 00:22:18

HP:   0/81 (86)     AC: 15    Str: 14    XL:     10   Next: 67%
MP:   21/21         EV:  2    Int: 22    God:    Xom [....*.]
Gold: 520           SH:  0    Dex: 12    Spells: 19/24 levels left

rFire   . . .      SeeInvis .   L - +3 quarterstaff (chaos)
rCold   . . .      Faith    .   (shield currently unavailable)
rNeg    + + +      Spirit   .   E - +1 swamp dragon scales
rPois   ∞          Reflect  .   g - +2 hat {Int+3}
rElec   .          Harm     .   m - scarf {repulsion}
rCorr   .          Rampage  .   R - +2 pair of gloves
Will    .....      Clarity  +   (no boots)
Stlth   ++........              (no amulet)
HPRegen 0.23/turn               q - +4 ring of slaying
MPRegen 0.17/turn               N - +6 ring of intelligence

@: petrified, drained, repel missiles
A: fangs 1, strong nose, distributed training, clarity, robust 1
a: Renounce Religion


You were on level 11 of the Dungeon.
You worshipped Xom.
You were a beloved toy of Xom.
You visited 2 branches of the dungeon, and saw 13 of its levels.

You collected 520 gold pieces.

Inventory:

Hand Weapons
 a - a +2 vampiric spear
 F - a +2 scimitar
 L - a +3 quarterstaff of chaos (weapon)
 Q - a +0 shortbow of chaos
Missiles
 d - 5 boomerangs of dispersal
 e - 338 stones
 f - 120 bolts
 j - 291 arrows
 n - 14 boomerangs
 t - 25 poisoned darts (quivered)
 v - 6 javelins
 C - 5 atropa-tipped darts
 D - a throwing net
 I - 2 curare-tipped darts
 J - 61 sling bullets
Armour
 g - a +2 hat of intelligence (worn)
 m - a scarf of repulsion (worn)
 r - a +2 robe of fire resistance
 B - a +2 robe of cold resistance
 E - +1 swamp dragon scales (worn)
 R - a +2 pair of gloves (worn)
Magical Staves
 O - a staff of air
Jewellery
 b - a ring of positive energy
 q - a +4 ring of slaying (left hand)
 s - a ring of resist corrosion
 N - a +6 ring of intelligence (right hand)
Wands
 p - a wand of paralysis (10)
 H - a wand of flame (18)
 M - a wand of mindburst (5)
Scrolls
 c - 3 scrolls of blinking
 h - a scroll of amnesia {unknown}
 i - a scroll of enchant weapon {unknown}
 k - 2 scrolls of magic mapping
 u - 2 scrolls of teleportation
 w - a scroll of identify
 y - a scroll of noise {unknown}
 A - 2 scrolls of fear {unknown}
 K - a scroll of immolation {unknown}
 P - a scroll of summoning {unknown}
Potions
 l - 3 potions of brilliance
 o - 4 potions of haste
 x - a potion of lignification
 z - 4 potions of curing
 G - 2 potions of heal wounds


   Skills:
 + Level 7.2 Fighting
 + Level 5.5 Short Blades
 + Level 5.5 Long Blades
 + Level 5.5 Axes
 + Level 5.5 Maces & Flails
 + Level 7.2 Polearms
 + Level 5.5 Staves
 + Level 5.5 Slings
 + Level 5.5 Bows
 + Level 5.5 Crossbows
 + Level 6.1 Throwing
 + Level 6.1 Armour
 + Level 7.2 Dodging
 + Level 5.5 Stealth
 + Level 5.5 Shields
 + Level 5.5 Unarmed Combat
 + Level 7.5 Spellcasting
 + Level 4.5 Conjurations
 + Level 4.5 Hexes
 + Level 4.5 Summonings
 + Level 4.5 Necromancy
 + Level 7.2 Translocations
 + Level 4.5 Transmutations
 + Level 4.5 Fire Magic
 + Level 4.5 Ice Magic
 + Level 4.5 Air Magic
 + Level 4.5 Earth Magic
 + Level 4.5 Poison Magic
 + Level 6.0 Invocations
 + Level 5.5 Evocations


You had 19 spell levels left.
You knew the following spells:

 Your Spells              Type           Power      Damage    Failure   Level
a - Blink                 Tloc           80%        N/A       1%          2
b - Mephitic Cloud        Conj/Pois/Air  28%        N/A       7%          3

Your spell library contained the following spells:

 Spells                   Type           Power      Damage    Failure   Level
 Summon Small Mammal      Summ           100%       N/A       2%          1
 Gell's Gravitas          Tloc           40%        N/A       2%          3
 Lesser Beckoning         Tloc           40%        N/A       2%          3
 Teleport Other           Tloc           40%        N/A       2%          3
 Call Canine Familiar     Summ           28%        N/A       7%          3
 Ignite Poison            Fire/Tmut/Pois 28%        N/A       7%          3
 Summon Guardian Golem    Hex/Summ       28%        N/A       7%          3
 Manifold Assault         Tloc           40%        N/A       21%         5
 Animate Dead             Necr           14%        N/A       22%         4
 Cause Fear               Hex            14%        N/A       22%         4
 Summon Lightning Spire   Summ/Air       28%        N/A       22%         4
 Freezing Cloud           Conj/Ice/Air   14%        6-21      52%         5
 Dragon Form              Tmut           14%        N/A       100%        7
 Haunt                    Necr/Summ      14%        N/A       100%        7
 Storm Form               Tmut/Air       14%        N/A       100%        7
 Infestation              Necr           14%        N/A       100%        8
 Maxwell's Capacitive Co  Air            14%        ∞         100%        8
 Dragon's Call            Summ           14%        N/A       100%        9


Dungeon Overview and Level Annotations

Branches:
Dungeon (12/15)            Temple (1/1) D:7            Lair (0/6) D:11
    Orc: D:9-12

Altars:
Ashenzari
Cheibriados
Dithmenos
Elyvilon
Fedhas
Gozag
Hepliaklqana
Kikubaaqudgha
Makhleb
Nemelex Xobeh
Okawaru
Qazlal
Ru
Sif Muna
Trog
Uskayaw
Vehumet
Wu Jian
Xom
Yredelemnul
Zin
The Shining One

Shops:
D:4 !([   D:8 *   D:12 [

Annotations:
D:11 Gastronok


Innate Abilities, Weirdness & Mutations

You have very sharp teeth.
Your uncanny sense of smell can sniff out nearby items.
Your experience applies equally to all skills.
You possess an exceptional clarity of mind.
You are robust. (+10% HP)


Message History

The yak gores you.
Unknown command.
You closely miss the yak.
The yak is almost dead.
The yak gores you.
Unknown command.
You hit the yak but do no damage.
The yak is almost dead. "Where it stops, nobody knows!"
Your surroundings suddenly seem different.
You feel a bit more experienced.
Gastronok the Ponderous comes into view.
He is wearing the +3 hat of Pondering {ponderous, Will+ MP+10 Int+5}.
Gastronok gurgles horribly!
The basilisk gazes at you.
You are slowing down.
The shadow hits you. The basilisk gazes at you.
Your limbs have turned to stone.
The shadow closely misses you. The basilisk gazes at you.
Your limbs have turned to stone.
You have turned to stone.
The shadow hits you! x2
* * * LOW HITPOINT WARNING * * *
The shadow hits you!
* * * LOW HITPOINT WARNING * * *
Gastronok waves his eye-stalks in wide circles.
The air twists around and strikes you!!
* * * LOW HITPOINT WARNING * * *
Xom is highly amused!
The shadow hits you.
* * * LOW HITPOINT WARNING * * *
Gastronok gurgles, "I'll eat you, I will!"
Gastronok waves his eye-stalks in wide circles.
The air twists around and strikes you!
* * * LOW HITPOINT WARNING * * *
You emit a cloud of colourful smoke!
The shadow hits you.
* * * LOW HITPOINT WARNING * * *
The elephant tramples you.
You die...
Xom laughs nastily!

#.........#
###....w....###
>.....>...... ∆
#.........# #.:.......#
#(.P..P.# #....l..#
##...§§##
####.§@################
.......YW......Y.55..__.
######....__...#####_###
#......_..# #<#
#......_..# #.#
#.........# #.#
#.........# #)#
#.........# #.#
#.........#####)###


You could see Gastronok, an elephant, a basilisk and a shadow.

Vanquished Creatures
  A two-headed ogre (D:8)
  Maggie (D:6)
  A kobold demonologist (D:10)
  Sigmund (D:3)
  A yak (D:11)
  A steam dragon (D:9)
  2 ice beasts
  An orc warrior (D:11)
  2 black bears
  4 ogres
  6 centaurs
  3 phantoms
  4 kobold brigands
  2 gnoll sergeants
  A water moccasin zombie (D:5)
  2 scorpions
  7 killer bees
  9 wights
  A howler monkey (D:9)
  3 jellies
  2 centaur zombies
  A hound (D:4)
  2 bullfrog zombies
  An orc priest (D:10)
  Crazy Yiuf (D:7)
  4 iguanas
  3 orc wizards
  A hound skeleton (D:4)
  A howler monkey zombie (D:9)
  5 adders
  14 gnolls
  A shadow imp (D:7)
  3 white imps
  3 worms
  3 dart slugs
  10 orcs
  10 endoplasms
  5 giant cockroaches
  6 hobgoblins
  A jackal (D:4)
  2 quokkas
  4 ball pythons
  6 bats
  A frilled lizard (D:2)
  7 goblins
  19 kobolds
  12 rats
181 creatures vanquished.

Vanquished Creatures (others)
  A gnoll (D:6)
  2 fungi (D:11)
  A plant (D:11)
4 creatures vanquished.

Grand Total: 185 creatures vanquished

Notes
Turn   | Place    | Note
-------+----------+-------------------------------------------
     0 | D:1      | Ablot the Gnoll Warper began the quest for the Orb.
     0 | D:1      | Reached XP level 1. HP: 20/20 MP: 6/6
   133 | D:1      | Reached XP level 2. HP: 15/26 MP: 7/7
   143 | D:1      | Learned a level 2 spell: Blink
  1040 | D:1      | Found a faded altar of an unknown god.
  1094 | D:2      | Reached skill level 5 in Spellcasting
  1094 | D:2      | Reached XP level 3. HP: 26/31 MP: 7/9
  1488 | D:2      | Reached skill level 1 in Invocations
  1829 | D:2      | Reached skill level 1 in Short Blades
  1829 | D:2      | Reached skill level 1 in Long Blades
  1829 | D:2      | Reached skill level 1 in Axes
  1829 | D:2      | Reached skill level 1 in Maces & Flails
  1829 | D:2      | Reached skill level 1 in Staves
  1829 | D:2      | Reached skill level 1 in Slings
  1829 | D:2      | Reached skill level 1 in Bows
  1829 | D:2      | Reached skill level 1 in Crossbows
  1829 | D:2      | Reached skill level 1 in Stealth
  1829 | D:2      | Reached skill level 1 in Shields
  1829 | D:2      | Reached skill level 1 in Unarmed Combat
  1829 | D:2      | Reached skill level 1 in Evocations
  1903 | D:2      | Reached XP level 4. HP: 38/38 MP: 11/11
  2415 | D:3      | Noticed Sigmund
  2758 | D:3      | Killed Sigmund
  2759 | D:3      | Reached skill level 1 in Conjurations
  2759 | D:3      | Reached skill level 1 in Hexes
  2759 | D:3      | Reached skill level 1 in Summonings
  2759 | D:3      | Reached skill level 1 in Necromancy
  2759 | D:3      | Reached skill level 1 in Transmutations
  2759 | D:3      | Reached skill level 1 in Fire Magic
  2759 | D:3      | Reached skill level 1 in Ice Magic
  2759 | D:3      | Reached skill level 1 in Air Magic
  2759 | D:3      | Reached skill level 1 in Earth Magic
  2759 | D:3      | Reached skill level 1 in Poison Magic
  2759 | D:3      | Reached XP level 5. HP: 33/43 MP: 12/12
  2759 | D:3      | Reached XP level 6. HP: 38/50 MP: 13/13
  3079 | D:4      | Reached skill level 5 in Fighting
  3079 | D:4      | Reached skill level 5 in Polearms
  3079 | D:4      | Reached skill level 5 in Dodging
  3103 | D:4      | Noticed an ice beast
  3462 | D:4      | Found Gihenoll's Distillery.
  3567 | D:4      | Reached XP level 7. HP: 40/56 MP: 15/15
  4394 | D:4      | Found Bosoanatz's Weapon Boutique.
  4407 | D:4      | Found Vucoc's Armour Shoppe.
  4417 | D:4      | Reached XP level 8. HP: 63/63 MP: 16/16
  4875 | D:4      | Found Ruaqi's Antique Armour Shoppe.
  4948 | D:5      | Entered Level 5 of the Dungeon
  7121 | D:6      | Reached XP level 9. HP: 58/69 MP: 18/18
  7513 | D:6      | Found a broken altar of Ashenzari.
  7674 | D:6      | Noticed Maggie
  7692 | D:6      | Killed Maggie
  8279 | D:7      | Reached skill level 5 in Throwing
  8279 | D:7      | Reached skill level 5 in Armour
  8668 | D:7      | Found a runed translucent door.
  8669 | D:7      | Noticed Crazy Yiuf
  8677 | D:7      | Killed Crazy Yiuf
  8872 | D:7      | Found a staircase to the Ecumenical Temple.
  8912 | Temple   | Entered the Ecumenical Temple
  9315 | Temple   | Became a worshipper of Xom of Chaos
  9447 | D:7      | XOM: silly message
  9629 | D:8      | XOM: divination: detect items
  9787 | D:8      | Noticed a two-headed ogre
 10156 | D:8      | XOM: silly message
 10173 | D:8      | XOM: silly message
 10183 | D:8      | XOM: divination: magic mapping
 10250 | D:8      | XOM: potion effect (might)
 10252 | D:8      | Reached skill level 5 in Invocations
 10281 | D:8      | XOM: noise
 10380 | D:8      | Found Zaleton's Gadget Gallery.
 10393 | D:8      | Killed a two-headed ogre
 10394 | D:8      | Reached skill level 5 in Short Blades
 10394 | D:8      | Reached skill level 5 in Long Blades
 10394 | D:8      | Reached skill level 5 in Axes
 10394 | D:8      | Reached skill level 5 in Maces & Flails
 10394 | D:8      | Reached skill level 5 in Staves
 10394 | D:8      | Reached skill level 5 in Slings
 10394 | D:8      | Reached skill level 5 in Bows
 10394 | D:8      | Reached skill level 5 in Crossbows
 10394 | D:8      | Reached skill level 5 in Stealth
 10394 | D:8      | Reached skill level 5 in Shields
 10394 | D:8      | Reached skill level 5 in Unarmed Combat
 10394 | D:8      | Reached skill level 5 in Evocations
 10394 | D:8      | Reached XP level 10. HP: 77/77 MP: 20/20
 10628 | D:8      | XOM: give mutations
 10628 | D:8      | Gained mutation: You are frail. (-10% HP) [Xom's mischief]
 10628 | D:8      | Gained mutation: You possess an exceptional clarity of
                  | mind. [Xom's mischief]
 10724 | D:8      | XOM: chaos upgrade
 11057 | D:9      | XOM: blink monster(s)
 11862 | D:10     | Entered Level 10 of the Dungeon
 12239 | D:10     | Noticed a kobold demonologist
 12250 | D:10     | Noticed a rust devil
 12256 | D:10     | Killed a kobold demonologist
 12261 | D:10     | XOM: 8-stop teleportation journey
 12276 | D:10     | XOM: noise
 12286 | D:10     | XOM: 2-stop teleportation journey
 12389 | D:10     | You fall into a shaft and drop 2 floors!
 12389 | D:12     | Found Dasumeire's Armour Boutique.
 12604 | D:10     | XOM: swap monsters
 12699 | D:10     | XOM: silly message
 12773 | D:10     | XOM: draining
 12909 | D:10     | XOM: give mutations
 12909 | D:10     | Lost mutation: You are frail. (-10% HP) [Xom's mischief]
 12909 | D:10     | Gained mutation: You are robust. (+10% HP) [Xom's mischief]
 13176 | D:11     | Learned a level 3 spell: Mephitic Cloud
 13237 | D:11     | XOM: confuse monster(s)
 13277 | D:11     | Found a staircase to the Lair.
 13277 | D:11     | Noticed an elephant
 13305 | D:11     | XOM: enchant monster (good)
 13310 | D:11     | XOM: scenery: create altars
 13310 | D:11     | HP: 3/77 [yak (4)]
 13318 | D:11     | XOM: summons 2 friendly demons
 13320 | D:11     | XOM: 1-stop teleportation journey
 13322 | D:11     | Noticed Gastronok
 13329 | D:11     | HP: 3/81 [Gastronok/the air (8)]
 13329 | D:11     | XOM: smoke on damage
 13329 | D:11     | Slain by an elephant

Illustrated notes

Levels and vault maps discovered:
D:1:      wander_arrival_desolate, layout_loops_ring,
          hellmonk_ecumenical_altar_leap_of_faith, kennysheep_boxes
D:2:      layout_basic
D:3:      layout_rooms, uniq_sigmund
D:4:      layout_basic, serial_shops, shop, nicolae_shop_behind_doors, shop,
          nicolae_take_the_stairs, minmay_misc_feat_ornament,
          kennysheep_small_square
D:5:      layout_basic
D:6:      layout_loops_ring, mainiacjoe_overflow_cross_hatched, uniq_maggie
D:7:      layout_gridville, minmay_temple_entry_waves, uniq_crazy_yiuf_cottage
D:8:      layout_loops_cross, nicolae_shop_gadgets
D:9:      layout_cave_pods
D:10:     layout_stronghold
D:11:     layout_small_grid, david_lair_generic, orc_0_dummy, uniq_gastronok,
          uniq_snorg
D:12:     layout_roguey, serial_shops, shop, shop, nicolae_diamond_shop
Temple:   mainiacjoe_temple_trianglar_array

Skill      XL: |  1  2  3  4  5  6  7  8  9 10 |
---------------+-------------------------------+-----
Spellcasting   | 5 6 7 |  7.5
Invocations    | 1 2 3 4 5 6 |  6.0
Short Blades   | 1 2 3 5 |  5.5
Long Blades    | 1 2 3 5 |  5.5
Axes           | 1 2 3 5 |  5.5
Maces & Flails | 1 2 3 5 |  5.5
Staves         | 1 2 3 5 |  5.5
Slings         | 1 2 3 5 |  5.5
Bows           | 1 2 3 5 |  5.5
Crossbows      | 1 2 3 5 |  5.5
Stealth        | 1 2 3 5 |  5.5
Shields        | 1 2 3 5 |  5.5
Unarmed Combat | 1 2 3 5 |  5.5
Evocations     | 1 2 3 5 |  5.5
Throwing       | 3 4 5 6 |  6.1
Armour         | 3 4 5 6 |  6.1
Conjurations   | 1 2 3 4 |  4.5
Hexes          | 1 2 3 4 |  4.5
Summonings     | 1 2 3 4 |  4.5
Necromancy     | 1 2 3 4 |  4.5
Transmutations | 1 2 3 4 |  4.5
Fire Magic     | 1 2 3 4 |  4.5
Ice Magic      | 1 2 3 4 |  4.5
Air Magic      | 1 2 3 4 |  4.5
Earth Magic    | 1 2 3 4 |  4.5
Poison Magic   | 1 2 3 4 |  4.5
Fighting       | 5 6 7 |  7.2
Polearms       | 5 6 7 |  7.2
Dodging        | 5 6 7 |  7.2
Translocations | 6 7 |  7.2

Action                   |  1- 3 |  4- 6 |  7- 9 | 10-12 || total
-------------------------+-------+-------+-------+-------++-------
Melee: Spear             |   170 |   130 |       |       ||   300
       Bite              |    15 |     8 |    26 |     8 ||    57
       Punch             |     3 |     4 |     6 |       ||    13
       Trident           |       |       |   268 |       ||   268
       Quarterstaff      |       |       |    48 |    66 ||   114
 Fire: Shortbow          |       |       |       |    56 ||    56
Throw: Dart              |       |     2 |    14 |       ||    16
       Boomerang         |       |       |    26 |       ||    26
 Cast: Blink             |       |     1 |     3 |     4 ||     8
Evoke: Wand              |       |       |     1 |       ||     1
  Use: Scroll            |       |       |       |     7 ||     7
       Potion            |       |       |       |     1 ||     1
 Stab: Sleeping          |     1 |     1 |     6 |       ||     8
       Distracted        |       |       |     1 |       ||     1
       Paralysed         |       |       |     3 |       ||     3
       Confused          |       |       |       |     2 ||     2
Armor: Leather armour    |    28 |     7 |       |       ||    35
       Robe              |       |    11 |    44 |       ||    55
       Swamp dragon scal |       |       |    43 |    90 ||   133
Dodge: Dodged            |    66 |    58 |   221 |   101 ||   446
